 Dungeon Crawl Stone Soup version 0.26-a0-291-g3d11bbfad5 (webtiles) character file.

Game seed: 13303762578985392215

50 BritishOli the Skirmisher (level 3, -12/29 HPs)
             Began as a Demonspawn Fighter on July 14, 2020.
             Killed by nerve-wracking pain
             ... invoked by Grinder
              (13 damage)
             ... on level 3 of the Dungeon.
             The game lasted 00:02:36 (1442 turns).

BritishOli the Skirmisher (Demonspawn Fighter)      Turns: 1442, Time: 00:02:36

Health: -12/29     AC: 12    Str: 17    XL:     3   Next: 55%
Magic:  3/3        EV:  2    Int:  9    God:
Gold:   160        SH:  9    Dex: 12    Spells: 2/2 levels left

rFire    . . .     SeeInvis .   a - +0 long sword
rCold    . . .     Faith    .   c - +0 kite shield
rNeg     . . .     Spirit   .   o - +0 plate armour
rPois    .         Reflect  .   (no helmet)
rElec    .         Harm     .   u - +0 cloak
rCorr    .                      (no gloves)
MR       .....                  (no boots)
Stlth    ..........             (no amulet)
HPRegen  0.09/turn              (no ring)
MPRegen  0.08/turn              (no ring)

@: no status effects
A: powered by death 1
a: no special abilities


You were on level 3 of the Dungeon.
You visited 1 branch of the dungeon, and saw 3 of its levels.

You collected 160 gold pieces.

Inventory:

Hand Weapons
 a - a +0 long sword (weapon)
Armour
 b - a +0 scale mail
 c - a +0 kite shield (worn)
 o - a +0 plate armour (worn)
 u - a +0 cloak (worn)
Wands
 t - a wand of polymorph (3)
Scrolls
 e - a scroll of blinking {unknown}
 g - 6 scrolls of identify {unknown}
 i - 4 scrolls of remove curse {unknown}
 k - a scroll of enchant weapon {unknown}
 n - a scroll of noise {unknown}
 s - a scroll of teleportation {unknown}
 v - a scroll of magic mapping {unknown}
Potions
 d - a potion of might
 f - a potion of berserk rage {unknown}
 h - a potion of ambrosia {unknown}
 j - 3 potions of curing {unknown}
 l - a potion of magic {unknown}
 m - a potion of lignification {unknown}
 p - a potion of invisibility {unknown}
 q - a potion of stabbing {unknown}
 r - 2 potions of haste {unknown}
 w - a potion of brilliance {unknown}


   Skills:
 + Level 3.4 Fighting
 + Level 2.3 Long Blades
 + Level 3.1 Armour
 + Level 3.1 Shields


You had 2 spell levels left.
You didn't know any spells.
Your spell library was empty.

Dungeon Overview and Level Annotations

Branches:
Dungeon (3/15)

Altars:
Ashenzari
Cheibriados
Dithmenos
Elyvilon

Annotations:
D:3 Grinder


Innate Abilities, Weirdness & Mutations

You regenerate a little health from kills.


Message History

Grinder shouts!
You hear an angry hiss.
Grinder gestures at you. Pain shoots through your body!
An adder, a goblin and a white imp come into view.
The adder hisses angrily.
The goblin shouts!
The white imp shouts!
There are monsters nearby!
A giant cockroach comes into view.
Grinder gestures at you. Pain shoots through your body!
You are too injured to fight recklessly!
You are too injured to fight recklessly!
Grinder says, "Just stop there for a second..."
Grinder gestures at you. Pain shoots through your body!
* * * LOW HITPOINT WARNING * * *
The adder bites you.
* * * LOW HITPOINT WARNING * * *
Grinder gestures at you. Pain shoots through your body!
You die...

.. ... #.# ##
#.. .#
#.#####.#####
#.#.........
#.####.#.......#
#....<..#......#
######.@.._8_..#
#.S.......#
###.......#
#..5....#
###g5.### #s..#
#...# #..?#
.......


You could see Grinder, an adder, a white imp, a giant cockroach and a goblin.

Vanquished Creatures
  An adder (D:2)
  A worm (D:2)
  2 dart slugs
  A leopard gecko (D:1)
  8 bats
  A giant cockroach (D:1)
  4 goblins
  3 hobgoblins
  7 kobolds
  3 frilled lizards
  3 rats
34 creatures vanquished.

Notes
Turn   | Place    | Note
-------+----------+-------------------------------------------
     0 | D:1      | BritishOli the Demonspawn Fighter began the quest for the
                  | Orb.
     0 | D:1      | Reached XP level 1. HP: 18/18 MP: 1/1
   236 | D:1      | Gained mutation: You regenerate a little health from kills.
                  | [demonic ancestry]
   236 | D:1      | Reached XP level 2. HP: 19/24 MP: 2/2
   773 | D:2      | Reached XP level 3. HP: 29/29 MP: 3/3
  1039 | D:2      | Found a snail-covered altar of Cheibriados.
  1039 | D:2      | Found a shattered altar of Ashenzari.
  1427 | D:3      | Found a white marble altar of Elyvilon.
  1427 | D:3      | Found a shadowy altar of Dithmenos.
  1433 | D:3      | Noticed Grinder
  1441 | D:3      | HP: 1/29 [adder (2)]
  1442 | D:3      | Killed from afar by Grinder

Illustrated notes

Levels and vault maps discovered:
D:1:      lemuel_arrival_funnel, layout_loops_ring, minmay_pentomino_x2
D:2:      layout_rooms, gammafunk_temple_overflow_wave, minmay_hedge_maze,
          dk_vineyard_3, eino_tiny_chamber, nrook_mini_vaults
D:3:      layout_loops_cross, kiku_gazebo_garden_becter,
          overflow_temple_1_default, chequers_temple_overflow_statue_of_worship,
          chequers_serial_rivers_micro_a, nemelex_diamond_rough_becter,
          uniq_ijyb, uniq_grinder

Skill      XL: |  1  2 |
---------------+-------+-----
Long Blades    | 2 |  2.3
Shields        | 3 |  3.1
Armour         | 3 |  3.1
Fighting       | |  3.4

Action                   || total
-------------------------++-------
Melee: Long sword        ||   105
Armor: Scale mail        ||    52
       Plate armour      ||     2
Dodge: Dodged            ||    37
Block: Kite shield       ||    57
       Rpst.: Long sword ||     9

Table legend:
 A = Non-vault XP
 B = Vault XP
 C = Vault XP percentage of total XP
 D = Non-vault monster count
 E = Vault monster count
 F = Vault count percentage of total count
                 A         B        C        D         E       F
            +---------+---------+-------+---------+---------+-------
      Total |      72 |       0 |   0.0 |      34 |       0 |   0.0
            +---------+---------+-------+---------+---------+-------
        D:1 |      36 |       0 |   0.0 |      22 |       0 |   0.0
        D:2 |      36 |       0 |   0.0 |      12 |       0 |   0.0
            +---------+---------+-------+---------+---------+-------
